 Dungeon Crawl Stone Soup version 0.24-a0-235-g3f03afc (webtiles) character file.

Game seed: 2907846850134028556

20 Ijustatesigmund the Skirmisher (level 2, 0/21 HPs)
             Began as an Octopode Fighter on Apr 5, 2019.
             Killed by a distortion unwield (21 damage)
             ... on level 1 of the Dungeon.
             The game lasted 00:00:53 (384 turns).

Ijustatesigmund the Skirmisher (Octopode Fighter)    Turns: 384, Time: 00:00:55

Health: 0/21       AC:  1    Str: 15    XL:     2   Next: 79%
Magic:  2/2        EV: 11    Int: 10    God:
Gold:   7          SH:  8    Dex: 11    Spells: 1/1 levels left

rFire    . . .     SeeInvis .   (no weapon)
rCold    . . .     Gourm    .   b - +0 shield
rNeg     . . .     Faith    .   (helmet restricted)
rPois    .         Spirit   .   (no amulet)
rElec    .         Reflect  .   (no ring)
rCorr    .         Harm     .   (no ring)
MR       .....                  (no ring)
Stlth    ++........             (no ring)
HPRegen  0.07/turn              (no ring)
MPRegen  0.08/turn              (no ring)
                                (no ring)
                                (no ring)

@: no status effects
A: almost no armour, stealthy swim, amphibious, 8 rings, constrict 8, camouflage
1, gelatinous body 1
a: no special abilities


You were on level 1 of the Dungeon.
You were not hungry.

You visited 1 branch of the dungeon, and saw 1 of its levels.

You collected 7 gold pieces.

Inventory:

Hand Weapons
 a - a +0 war axe
 g - a +0 mace of distortion
Missiles
 e - 8 javelins (quivered)
Armour
 b - a +0 shield (worn)
Scrolls
 f - a scroll of identify {unknown}
 h - a scroll of teleportation {unknown}
Potions
 c - a potion of might
Comestibles
 d - 3 rations


   Skills:
 + Level 3.2 Fighting
 * Level 2.5 Axes
 + Level 3.2 Dodging
 + Level 3.2 Shields


You had one spell level left.
You didn't know any spells.
Your spell library was empty.

Dungeon Overview and Level Annotations

Branches:
Dungeon (1/15)

Altars:


Innate Abilities, Weirdness & Mutations

You cannot wear most types of armour.
You are very stealthy in the water. (Stealth+)
You are amphibious.
You can wear up to eight rings at the same time.
You can use your tentacles to constrict eight enemies at once.
Your skin changes colour to match your surroundings (Stealth+).
Your rubbery body absorbs attacks. (AC +1, EV +1)


Message History

You see here a hobgoblin corpse.
d - 3 rations (gained 1)
A giant cockroach comes into view.
The helpless giant cockroach fails to defend itself.
You sock the giant cockroach!
You kill the giant cockroach!
No target in view!
No target in view!
No target in view!
No target in view!
No target in view!
No target in view!
No target in view!
You start resting.
HP restored.
Wield which item (- for none, * to show all)? (? for menu, Esc to quit)
Really unwield
g - a +0 mace of distortion?
You are crushed and pinned by an extremely strong localised spatial distortion!
Ouch! That really hurt!
You die...

#...#.#.# #.# #...#
#.#.. ....... #.#.#
#...# #.#.# #.. .# #.#
#...# #.#.## #.# #...#
#.#... # #.# #...#
#.#.## ..
#.####...####.#.# ...
#.#..+....†.....# ..
#†#.##...####.#...
####.##@#.####...##.#.##
........#.# #...##.#.#
..#####.#.####...##.#..
#...%..............#
#.#######.#######..# #.
#.# ..# + ... ##.## #.#


There were no monsters in sight!

Vanquished Creatures
  5 giant cockroaches (D:1)
  2 goblins (D:1)
  2 hobgoblins (D:1)
  2 bats (D:1)
  2 frilled lizards (D:1)
  3 kobolds (D:1)
  3 rats (D:1)
19 creatures vanquished.

Notes
Turn   | Place    | Note
-------+----------+-------------------------------------------
     0 | D:1      | Ijustatesigmund the Octopode Fighter began the quest for
                  | the Orb.
     0 | D:1      | Reached XP level 1. HP: 16/16 MP: 1/1
   131 | D:1      | Reached XP level 2. HP: 20/21 MP: 2/2
   384 | D:1      | Killed by a distortion unwield

Levels and vault maps discovered:
D:1:      lightli_arrival_flooded_house, layout_basic,
          roderic_nine_men_s_morris, minmay_nonomino_d4

Action                   || total
-------------------------++-------
Melee: War axe           ||    26
       Constrict         ||    10
       Tentacles         ||     6
       Mace              ||     5
 Stab: Sleeping          ||     3
Armor: Skin              ||     8
Dodge: Dodged            ||    11
Block: Shield            ||    15

Table legend:
 A = Non-vault XP
 B = Vault XP
 C = Vault XP percentage of total XP
 D = Non-vault monster count
 E = Vault monster count
 F = Vault count percentage of total count
                 A         B        C        D         E       F
            +---------+---------+-------+---------+---------+-------
      Total |      22 |       7 |  24.1 |      13 |       6 |  31.6
            +---------+---------+-------+---------+---------+-------
        D:1 |      22 |       7 |  24.1 |      13 |       6 |  31.6
            +---------+---------+-------+---------+---------+-------
